 Dungeon Crawl Stone Soup version 0.31-a0-626-g8143ab4f1d (webtiles) character file.

Game seed: 8091018515907784610

23 AiryTheDragon the Firebug (level 2, -3/19 HPs)
             Began as a Demonspawn Fire Elementalist on Aug 25, 2023.
             Slain by a gnoll
             ... wielding a +0 spear
              (5 damage)
             ... on level 1 of the Dungeon.
             The game lasted 00:08:19 (759 turns).

AiryTheDragon the Firebug (DsFE)                     Turns: 759, Time: 00:08:20

Health: -3/19      AC:  5    Str:  8    XL:     2   Next: 72%
Magic:  1/5        EV: 10    Int: 16    God:
Gold:   34         SH:  0    Dex: 13    Spells: 4/5 levels left

rFire   . . .        c - +0 hand axe
rCold   . . .        (no shield)
rNeg    . . .        j - +0 ring mail
rPois   .            (no helmet)
rElec   .            (no cloak)
rCorr   +            (no gloves)
SInv    .            (no boots)
Will    .....        (no amulet)
Stlth   +            i - ring of resist corrosion
HPRegen 0.23/turn    (no ring)
MPRegen 0.09/turn

%: no passive effects
@: very slightly contaminated
A: ignite blood 1
a: no special abilities


You were on level 1 of the Dungeon.
You visited 1 branch of the dungeon, and saw 1 of its levels.

You collected 34 gold pieces.

Inventory:

Hand Weapons
 c - a +0 hand axe (weapon)
Armour
 a - a +0 robe
 g - a +0 leather armour
 j - a +0 ring mail (worn)
Magical Staves
 e - a staff of earth
Jewellery
 i - a ring of resist corrosion (left hand)
Scrolls
 f - a scroll of teleportation {unknown}
 h - 2 scrolls of identify {unknown}
Potions
 b - a potion of magic
 d - 2 potions of brilliance {unknown}


   Skills:
 + Level 0.1 Axes
 + Level 0.2 Armour
 + Level 1.8 Dodging
 + Level 2.1 Stealth
 + Level 2.3 Spellcasting
 + Level 1.3 Conjurations
 + Level 2.9 Fire Magic


You had 4 spell levels left.
You knew the following spells:

 Your Spells              Type           Power      Damage    Failure   Level
a - Foxfire               Conj/Fire      32%        2x1d5     26%         1

Your spell library contained the following spells:

 Spells                   Type           Power      Damage    Failure   Level
 Scorch                   Fire           22%        2d5       28%         2
 Inner Flame              Hex/Fire       6%         N/A       71%         3
 Volatile Blastmotes      Fire/Tloc      12%        2d11      71%         3
 Portal Projectile        Hex/Tloc       2%         N/A       88%         3
 Tukima's Dance           Hex            1%         N/A       88%         3
 Flame Wave               Conj/Fire      8%         2d5       95%         4
 Iskenderun's Mystic Bla  Conj/Tloc      3%         2d3       99%         4


Dungeon Overview and Level Annotations

Branches:
Dungeon (1/15)

Altars:


Innate Abilities, Weirdness & Mutations

Your demonic aura sometimes causes spilled blood to erupt in flames.


Message History

You closely miss the goblin.
The goblin is heavily wounded.
The goblin closely misses you.
The gnoll hits you from afar with a +0 spear.
The gnoll closely misses you. The goblin hits you but does no damage.
The bat barely misses you. The bat hits you but does no damage.
The kobold misses you. The gnoll hits you with a +0 spear.
Casting: Foxfire (safe; 26% risk of failure)
Confirm with . or Enter, or press ? or * to list all spells.
You miscast Foxfire.
You are very lightly contaminated with residual magic.
Nothing appears to happen.
The goblin closely misses you. The bat hits you but does no damage.
The kobold barely misses you. The gnoll barely misses you.
Casting: Foxfire (safe; 26% risk of failure)
Confirm with . or Enter, or press ? or * to list all spells.
You conjure some foxfire!
The bat barely misses you. The goblin hits you but does no damage.
The kobold closely misses you. The gnoll hits you with a +0 spear.
Casting: Foxfire (safe; 26% risk of failure)
Confirm with . or Enter, or press ? or * to list all spells.
You miscast Foxfire.
Nothing appears to happen.
The foxfire hits the gnoll.
The gnoll is lightly wounded.
The foxfire hits the goblin.
You kill the goblin!
The bat hits you but does no damage. The gnoll hits you with a +0 spear.
The kobold hits you with a +0 dagger.
* * * LOW HITPOINT WARNING * * *
Casting: Foxfire (safe; 26% risk of failure)
Confirm with . or Enter, or press ? or * to list all spells.
You conjure some foxfire!
The kobold hits you but does no damage. The gnoll hits you with a +0 spear.
* * * LOW HITPOINT WARNING * * *
The bat barely misses you.
Your foxfire dissipates!
The foxfire hits the bat.
You kill the bat!
The gnoll hits you from afar with a +0 spear.
You die...

###'##.##.# #.## #....[..####
##...# #####'#. #.##.##....#
#.... #....... #.##..+....# #...#
#....... ###.#####....# #...#
#...)... ....##...##+##
#...######.....†. ....##.#.##.#
#...##..........#
.........##.#####...##...........
###.####.##.....@)K.##.....†.....
##.####...######...##.....#####.
#.....'...# #...g.##.....# ##.
#...###...# #.....##.....# #..
#.....+...# #.....##.....# #..
##.#.###...# #.....##.....# #.#
#........### #.....##.....####.#
####.....# ###................
#.....# ###############.#


You could see a gnoll and a kobold.

Vanquished Creatures
  3 bats (D:1)
  An endoplasm (D:1)
  A giant cockroach (D:1)
  3 goblins (D:1)
  A hobgoblin (D:1)
  5 quokkas (D:1)
  A ball python (D:1)
  2 frilled lizards (D:1)
  2 kobolds (D:1)
  2 rats (D:1)
21 creatures vanquished.

Vanquished Creatures (others)
  29 foxfires (D:1)
29 creatures vanquished.

Grand Total: 50 creatures vanquished

Notes
Turn   | Place    | Note
-------+----------+-------------------------------------------
     0 | D:1      | AiryTheDragon the Demonspawn Fire Elementalist began the
                  | quest for the Orb.
     0 | D:1      | Reached XP level 1. HP: 13/13 MP: 3/3
   191 | D:1      | Found a faded altar of an unknown god.
   250 | D:1      | Gained mutation: Your demonic aura sometimes causes spilled
                  | blood to erupt in flames. [demonic ancestry]
   250 | D:1      | Reached XP level 2. HP: 11/19 MP: 0/5
   759 | D:1      | Slain by a gnoll

Illustrated notes

Levels and vault maps discovered:
D:1:      minmay_arrival_arboretum_small, layout_basic,
          ebering_ecumenical_altar_webs

Skill      XL: |  1 |
---------------+----+-----
Stealth        | 2 |  2.1
Axes           | |  0.1
Armour         | |  0.2
Dodging        | |  1.8
Spellcasting   | |  2.3
Conjurations   | |  1.3
Fire Magic     | |  2.9

Action                     || total
---------------------------++-------
  Melee: Hand axe          ||    67
   Cast: Foxfire           ||    17
   Stab: Sleeping          ||     5
 Armour: Leather armour    ||    28
         Robe              ||     3
         Ring mail         ||     8
  Dodge: Dodged            ||    81

Table legend: (Time is in decaauts)
 A = Elapsed time spent in this place.
 B = Non-inter-level travel time spent in this place.
 C = Inter-level travel time spent in this place.
 D = Time resting spent in this place.
 E = Time spent auto-exploring this place.
 F = Levels seen in this place.
 G = Mean time per level.
                   A        B        C        D        E       F      G
               +--------+--------+--------+--------+--------+-----+--------+
         Total |    778 |    772 |      6 |      0 |    523 |   1 |  778.0 |
       Dungeon |    778 |    772 |      6 |      0 |    523 |   1 |  778.0 |
               +--------+--------+--------+--------+--------+-----+--------+

Top non-repeatable levels by time:
     D:1: 778 daAuts
